 Dungeon Crawl Stone Soup version 0.22-a0-580-gd5db89c (webtiles) character file.

80 Hebeh the Shield-Bearer (level 4, -5/40 HPs)
             Began as a Minotaur Fighter on July 3, 2018.
             Slain by Terence
             ... wielding a +1 hand axe of electrocution
              (20 damage)
             ... on level 3 of the Dungeon.
             The game lasted 00:04:08 (1728 turns).

Hebeh the Shield-Bearer (Minotaur Fighter)          Turns: 1728, Time: 00:04:09

Health: -5/40      AC:  7    Str: 22    XL:     4   Next: 18%
Magic:  3/3        EV:  7    Int:  5    God:
Gold:   71         SH:  9    Dex:  9    Spells: 3/3 levels left

rFire    . . .     SeeInvis .   e - +6 spear
rCold    . . .     Gourm    .   c - +0 shield
rNeg     . . .     Faith    .   b - +0 scale mail
rPois    .         Spirit   .   (helmet restricted)
rElec    .         Reflect  .   (no cloak)
rCorr    .         Harm     .   (no gloves)
MR       .....                  (no boots)
Stlth    ..........             (no amulet)
HPRegen  0.13/turn              (no ring)
MPRegen  0.08/turn              (no ring)

@: no status effects
A: retaliatory headbutt, horns 2
a: no special abilities


You were on level 3 of the Dungeon.
You were hungry.

You visited 1 branch of the dungeon, and saw 3 of its levels.

You collected 71 gold pieces.

Inventory:

Hand Weapons
 a - a +0 war axe
 e - a +6 spear (weapon)
 l - a +0 hunting sling
Missiles
 r - 7 javelins (quivered)
Armour
 b - a +0 scale mail (worn)
 c - a +0 shield (worn)
 p - a +0 pair of gloves
Scrolls
 i - a scroll of remove curse {unknown}
 j - 5 scrolls of teleportation {unknown}
 k - a scroll of amnesia {unknown}
 m - 3 scrolls of identify {unknown}
 n - a scroll of magic mapping {unknown}
 t - a scroll of random uselessness {unknown}
Potions
 d - a potion of might
 h - a potion of brilliance {unknown}
 o - a potion of heal wounds {unknown}
 q - a potion of resistance {unknown}
 s - 2 potions of invisibility {unknown}
 u - 2 potions of curing {unknown}
Comestibles
 f - 3 rations


   Skills:
 + Level 4.2 Fighting
 - Level 2.4(3.1) Axes
 * Level 2.8(3.2) Polearms
 + Level 4.2 Armour
 + Level 4.2 Shields


You had 3 spell levels left.
You didn't know any spells.
Your spell library was empty.

Dungeon Overview and Level Annotations

Branches:
Dungeon (3/15)

Altars:

Annotations:
D:3 Terence


Innate Abilities, Weirdness & Mutations

You reflexively headbutt those who attack you in melee.
You have a pair of horns on your head.


Message History

A quokka comes into view.
You barely miss Terence.
Terence is lightly wounded.
You block Terence's attack.
You closely miss Terence.
Terence is lightly wounded.
You block Terence's attack.
You barely miss Terence. Your headbutt misses Terence.
Terence is lightly wounded.
Terence hits you with a hand axe of electrocution.
You puncture Terence!
Terence is heavily wounded.
Terence hits you with a hand axe of electrocution.
You block the quokka's attack.
Your shield and scale mail prevent you from hitting Terence.
Terence is heavily wounded.
The quokka bites you but does no damage.
Terence hits you but does no damage.
You are electrocuted!
Ouch! That really hurt!
You die...

#+# #.# #.# ##.##
##...## #.....#
#.####### #.@.#
#....<.#####@####.#
#.#####.......r....#
#######.###### #.#
#.# #.# #.# #.# .#


You could see Terence and a quokka.

Vanquished Creatures
  3 adders (D:2)
  3 oozes
  4 dart slugs
  2 giant cockroaches
  2 goblins
  3 hobgoblins
  3 jackals (D:1)
  5 bats
  3 frilled lizards (D:1)
  3 kobolds
  3 rats
34 creatures vanquished.

Notes
Turn   | Place    | Note
-------+----------+-------------------------------------------
     0 | D:1      | Hebeh the Minotaur Fighter began the quest for the Orb.
     0 | D:1      | Reached XP level 1. HP: 19/19 MP: 0/0
   123 | D:1      | Reached skill level 1 in Polearms
   123 | D:1      | Reached XP level 2. HP: 27/27 MP: 1/1
   899 | D:1      | Reached XP level 3. HP: 33/33 MP: 2/2
  1285 | D:2      | Reached XP level 4. HP: 40/40 MP: 3/3
  1719 | D:3      | Noticed Terence
  1728 | D:3      | Slain by Terence

Vault maps used:
D:1:      dpeg_arrival_fog
D:2:      serial_forest, infiniplex_forest_zigzag_1, infiniplex_forest_corner_1,
          infiniplex_forest_lined_room_2, infiniplex_forest_straight_3
D:3:      ebering_ghost_reflecting_pool, minivault_24, uniq_jessica,
          uniq_terence

Skill      XL: |  1  2  3 |
---------------+----------+-----
Polearms       | 1 2 |  2.8
Fighting       | 4 |  4.2
Shields        | 4 |  4.2
Armour         | 4 |  4.2
Axes           | |  2.4

Action                   |  1- 3 |  4- 6 || total
-------------------------+-------+-------++-------
Melee: Spear             |    62 |    18 ||    80
       Headbutt          |     2 |     1 ||     3
  Eat: Chunk             |     1 |     1 ||     2
Armor: Scale mail        |    15 |     3 ||    18
Dodge: Dodged            |     8 |     1 ||     9
Block: Shield            |    17 |     7 ||    24

Table legend:
 A = Spawn XP
 B = Non-spawn XP
 C = Spawn XP percentage of total XP
 D = Spawn monster count
 E = Non-spawn monster count
 F = Spawn count percentage of total count
 G = Total turns spent on level
                    A         B        C        D         E        F      G
               +---------+---------+-------+---------+---------+-------+---------
         Total |       0 |     115 |   0.0 |       0 |      34 |   0.0 |  1728
               +---------+---------+-------+---------+---------+-------+---------
           D:1 |       0 |      41 |   0.0 |       0 |      19 |   0.0 |  1014
           D:2 |       0 |      74 |   0.0 |       0 |      15 |   0.0 |   699
               +---------+---------+-------+---------+---------+-------+---------
